 Dungeon Crawl Stone Soup version 0.22-a0-292-g0df9d5f (webtiles) character file.

104 Gildeon the Magician (level 4, -4/33 HPs)
             Began as a Demigod Conjurer on Mar 23, 2018.
             Slain by an orc priest
             ... wielding a +0 hand axe
              (7 damage)
             ... on level 3 of the Dungeon on Mar 24, 2018.
             The game lasted 00:18:00 (2805 turns).

Gildeon the Magician (Demigod Conjurer)             Turns: 2805, Time: 00:18:02

Health: -4/33      AC:  5    Str: 11    XL:     4   Next: 28%
Magic:  0/13       EV: 12    Int: 21    God:
Gold:   153        SH:  0    Dex: 16    Spells: 1/11 levels left

rFire    . . .     SeeInvis .   p - +0 war axe
rCold    . . .     Gourm    .   (no shield)
rNeg     . . .     Faith    .   a - +0 robe
rPois    .         Spirit   +   (no helmet)
rElec    .         Reflect  .   (no cloak)
rCorr    .         Harm     .   h - +2 pair of gloves {archery}
MR       .....                  (no boots)
Stlth    ++........             l - amulet of guardian spirit
HPRegen  0.11/turn              (no ring)
MPRegen  0.13/turn              (no ring)

@: no status effects
A: high mp 1
a: no special abilities


You were on level 3 of the Dungeon.
You were not hungry.

You visited 1 branch of the dungeon, and saw 4 of its levels.

You collected 153 gold pieces.

Inventory:

Hand Weapons
 p - a +0 war axe (weapon)
Armour
 a - a +0 robe (worn)
 h - a +2 pair of gloves of archery (worn)
Jewellery
 l - an amulet of guardian spirit (around neck)
Scrolls
 f - 2 scrolls of teleportation
 n - a scroll of remove curse
Potions
 b - 2 potions of flight
 d - a potion of heal wounds {unknown}
 e - 2 potions of resistance
 i - a potion of brilliance {unknown}
 j - 3 potions of haste
 m - a potion of mutation {unknown}
Comestibles
 c - 2 rations
 k - 3 chunks of flesh


   Skills:
 - Level 1.7 Dodging
 - Level 1.7 Stealth
 + Level 4.1 Spellcasting
 - Level 3.6 Conjurations


You had one spell level left.
You knew the following spells:

 Your Spells              Type           Power        Failure   Level  Hunger
a - Magic Dart            Conj           ###.         2%          1    None
b - Searing Ray           Conj           ###...       4%          2    #......
c - Dazzling Spray        Conj/Hex       ##....       17%         3    ###....
d - Iskenderun's Mystic   Conj           ###.....     26%         4    ####...


Dungeon Overview and Level Annotations

Branches:
Dungeon (4/15)
 Temple: D:4-7


Innate Abilities, Weirdness & Mutations

You have an increased reservoir of magic. (+10% MP)


Message History

* * * LOW HITPOINT WARNING * * *
Casting: Magic Dart (safe; 2% risk of failure)
Confirm with . or Enter, or press ? or * to list all spells.
Okay, then.
You feel better.
You hit the orc priest but do no damage.
The orc priest is severely wounded.
The orc priest barely misses you.
The orc priest hits you with a hand axe.
You completely miss the orc priest.
The orc priest is heavily wounded.
The orc priest hits you with a hand axe.
* * * LOW HITPOINT WARNING * * *
You barely miss the orc priest.
The orc priest is heavily wounded.
The orc priest mumbles some strange prayers to Beogh against you.
Pain shoots through your body!
* * * LOW HITPOINT WARNING * * *
The orc priest hits you with a hand axe!
You die...

#.# #...# #.# #.# ##..#
#.######. #.# #..#
##........ ###.# ##.#
#.....#### ....# #.##
#....(# ##########รท.#
#.....#
............##########.....#
......................>....#
.(.............#@#####.....#
############.#.#o# #.#####
#...#)# #.# #..#.# #.#
#..#.# #.# #..#.# #.# ##.#.#
#.# #.#


You could see an orc priest.

Vanquished Creatures
  2 adders
  2 worms
  5 dart slugs
  3 leopard geckos
  9 orcs (D:3)
  6 giant cockroaches
  2 hobgoblins (D:1)
  2 jackals (D:2)
  2 ball pythons (D:1)
  6 bats
  4 frilled lizards (D:2)
  6 goblins
  4 kobolds
  5 rats
58 creatures vanquished.

Notes
Turn   | Place    | Note
-------+----------+-------------------------------------------
     0 | D:1      | Gildeon the Demigod Conjurer began the quest for the Orb.
     0 | D:1      | Reached XP level 1. HP: 14/14 MP: 5/5
   177 | D:1      | Reached skill level 2 in Spellcasting
   462 | D:1      | Reached XP level 2. HP: 20/20 MP: 2/8
   470 | D:1      | Learned a level 2 spell: Searing Ray
  1153 | D:2      | Reached skill level 3 in Spellcasting
  1271 | D:2      | Reached XP level 3. HP: 22/26 MP: 3/10
  1523 | D:2      | Learned a level 3 spell: Dazzling Spray
  2459 | D:3      | Reached XP level 4. HP: 33/33 MP: 7/12
  2500 | D:3      | Learned a level 4 spell: Iskenderun's Mystic Blast
  2688 | D:3      | Reached skill level 4 in Spellcasting
  2805 | D:3      | Slain by an orc priest

Vault maps used:
D:1:      elethiomel_arrival_shortcut
D:2:      minmay_heptomino_o4
D:4:      nicolae_qazlal_eye_of_the_storm, uniq_edmund, uniq_menkaure

Skill      XL: |  1  2  3  4 |
---------------+-------------+-----
Spellcasting   | 2 3 4 |  4.1
Dodging        | |  1.7
Stealth        | |  1.7
Conjurations   | |  3.6

Action                   |  1- 3 |  4- 6 || total
-------------------------+-------+-------++-------
Melee: Hand axe          |     6 |       ||     6
       War axe           |       |     8 ||     8
 Cast: Magic Dart        |   118 |    14 ||   132
       Searing Ray       |       |     2 ||     2
  Use: Scroll            |    10 |     2 ||    12
       Potion            |       |     2 ||     2
  Eat: Ration            |     1 |       ||     1
       Chunk             |     1 |     1 ||     2
Armor: Robe              |     9 |       ||     9
Dodge: Dodged            |    13 |     3 ||    16

Table legend:
 A = Spawn XP
 B = Non-spawn XP
 C = Spawn XP percentage of total XP
 D = Spawn monster count
 E = Non-spawn monster count
 F = Spawn count percentage of total count
 G = Total turns spent on level
                    A         B        C        D         E        F      G
               +---------+---------+-------+---------+---------+-------+---------
         Total |       0 |     149 |   0.0 |       0 |      58 |   0.0 |  2805
               +---------+---------+-------+---------+---------+-------+---------
           D:1 |       0 |      31 |   0.0 |       0 |      15 |   0.0 |  1092
           D:2 |       0 |      56 |   0.0 |       0 |      25 |   0.0 |   987
           D:3 |       0 |      62 |   0.0 |       0 |      18 |   0.0 |   722
               +---------+---------+-------+---------+---------+-------+---------
